 Dungeon Crawl Stone Soup version 0.19-a0-462-g6140235 (webtiles) character file.

19444 Aksej the Fighter (level 12, -12/95 HPs)
             Began as a Demonspawn Fighter on June 3, 2016.
             Was an Elder of Hepliaklqana.
             Killed from afar by dracos369's ghost (33 damage)
             ... with a bolt of negative energy
             ... on level 12 of the Dungeon.
             The game lasted 00:53:41 (10312 turns).

Aksej the Fighter (Demonspawn Fighter)             Turns: 10312, Time: 00:53:43

Health: -12/95     AC: 36    Str: 12    XL:     12   Next: 36%
Magic:  18/20      EV:  4    Int: 11    God:    Hepliaklqana [****..]
Gold:   443        SH:  4    Dex: 19    Spells: 0 memorised, 22 levels left

rFire  . . .     SeeInvis +     a - +1 trident
rCold  + + +     Gourm    .     F - +2 plate armour {rPois}
rNeg   . . .     Faith    .     (no shield)
rPois  +         Spirit   .     (helmet unavailable)
rElec  +         Dismiss  .     A - +0 cloak
rCorr  .         Reflect  .     e - +0 pair of gloves
SustAt .         Harm     .     (no boots)
MR     ++...     Clarity  +     s - amulet of Harmony {rElec rC+ MR+ Regen+ Str-4}
Stlth  ..........               B - ring of protection from magic
                                d - +6 ring of protection

@: exhausted, very slightly contaminated, very heavily drained, very resistant
to hostile enchantments, extremely unstealthy
A: hooves 1, horns 3, large bone plates 3, see invisible, berserk 1, clarity,
clever 1, cold resistance 2, icemail, regeneration 1, spiny 1, wild magic 1,
freezing cloud immunity, MP-powered wands
a: Recall Ancestor, Ancestor Identity, Transference, Idealise, Renounce Religion


You were on level 12 of the Dungeon.
You worshipped Hepliaklqana.
Hepliaklqana was greatly pleased with you.
You were hungry.

You visited 2 branches of the dungeon, and saw 15 of its levels.
You also visited: Ossuary.

You collected 719 gold pieces.
You spent 276 gold pieces at shops.

Inventory:

Hand Weapons
 a - a +1 trident (weapon)
Missiles
 b - 3 javelins of penetration
 h - 8 tomahawks (quivered)
Armour
 e - a +0 pair of gloves (worn)
 A - a +0 cloak (worn)
 F - a +2 plate armour of poison resistance (worn)
 L - a mottled dragon hide
Jewellery
 d - a +6 ring of protection (left hand)
 n - an uncursed ring of resist corrosion
 s - the amulet of Harmony (around neck) {rElec rC+ MR+ Regen+ Str-4}
   (You took it off an orc on level 10 of the Dungeon)

   [amulet of regeneration]

   It affects your strength (-4).
   It protects you from cold.
   It insulates you from electricity.
   It affects your resistance to hostile enchantments.
   It increases your rate of regeneration.
 w - a +2 ring of dexterity
 B - a ring of protection from magic (right hand)
 I - a +5 amulet of reflection
 M - a +3 ring of intelligence {unknown}
Wands
 i - a wand of random effects (46/48)
 v - a wand of enslavement (10/24)
 x - a wand of lightning (4/15)
 G - a wand of paralysis (5/24)
 J - a wand of lightning (10/15)
 K - a wand of confusion (28/48)
 O - a wand of iceblast (10/15)
Scrolls
 g - a scroll of summoning
 k - 4 scrolls of teleportation
 m - a scroll of fear
 p - 7 scrolls of remove curse
 u - 4 scrolls of blinking
 y - a scroll of fog
 C - a scroll of recharging
Potions
 c - 10 potions of curing
 o - 3 potions of magic
 q - a potion of brilliance
 z - 3 potions of flight
 H - a potion of cure mutation
Comestibles
 f - 11 bread rations
 j - 4 chunks of flesh
 l - 2 slices of pizza
 r - 8 beef jerkies
 t - 4 meat rations
 E - 4 fruits


   Skills:
 * Level 9.2(5.6) Fighting
 * Level 8.3(4.7) Polearms
 + Level 5.9(2.5) Throwing
 * Level 8.6(5.0) Armour
 + Level 6.3(2.9) Dodging
   Level 2.6(0.0) Shields
 + Level 5.8(2.4) Spellcasting
 + Level 6.9(3.5) Invocations
 + Level 5.9(2.5) Evocations


You had 22 spell levels left.
You didn't know any spells.

Dungeon Overview and Level Annotations

Branches:
Dungeon (14/15)            Temple (1/1) D:6            Lair (0/8) D:8
    Orc (0/2) D:12
 Vaults: D:13-14

Altars:
Ashenzari
Cheibriados
Dithmenos
Elyvilon
Fedhas
Gozag
Hepliaklqana
Kikubaaqudgha
Makhleb
Nemelex Xobeh
Okawaru
Pakellas
Qazlal
Ru
Sif Muna
Trog
Uskayaw
Vehumet
Xom
Yredelemnul
Zin
The Shining One

Shops:
D:4 }   D:5 *

Annotations:
D:12 dracos369's ghost, journeyman DrIE


Innate Abilities, Weirdness & Mutations

You have a pair of large horns on your head.
You are completely covered in large bone plates. (AC +4, SH +4)
Your flesh is very cold resistant. (rC++)
A meltable icy envelope protects you from harm. (AC +10)
You are partially covered in sharp spines.
You are immune to freezing clouds.
You have large cloven feet.
You have supernaturally acute eyesight. (SInv)
You tend to lose your temper in combat.
You possess an exceptional clarity of mind.
Your mind is acute. (Int +2)
Your natural rate of healing is unusually fast.
Your spells are a little harder to cast, but a little more powerful.
You expend magic power (3 MP) to strengthen your wands.


Message History

Dracos369's ghost is moderately damaged. Ælfric completely misses dracos369's ghost.
Dracos369's ghost barely misses you.
You completely miss the butterfly. Ælfric hits dracos369's ghost but does no damage.
Dracos369's ghost hits you but does no damage. Ælfric hits dracos369's ghost with a dagger of draining.
Dracos369's ghost completely misses you. Ælfric completely misses dracos369's ghost.
Dracos369's ghost mumbles some strange words.
You feel yourself slow down. Ælfric closely misses dracos369's ghost.
The ice beast closely misses Ælfric.
You feel yourself speed up. Ælfric misses the butterfly.
The ice beast hits Ælfric.
The ice beast freezes Ælfric! Ælfric resists.
Dracos369's ghost breathes negative energy at you.
The bolt of negative energy hits you!
You feel drained.
You die...

######### #.>.. #.......# #....
#...b...# #.... #.......# #)÷..
#######....b..# #.().
......'.......# #(#).
#.....#.....b.# #.#..
###.###.#.b.bW..#############...)
...........R..b.@................
###R###...Y##################....
.......................# #.#..
....###########........# #.'..
.#### #........# #.#.. .###
#).......# #.### ...# #........#
#.# ...# #........######'### ...#
#######.###.......#


You could see an ice beast, dracos369's ghost and the friendly Ælfric the hexer.

Vanquished Creatures
  A yaktaur captain (D:11)
  An ice dragon (D:11)
  A centaur warrior (D:13)
  Erolcha (D:8)
  Nergalle (D:10)
  2 unseen horrors
  An obsidian statue (D:9)
  An orc knight (D:13)
  A deep elf archer (D:13)
  2 hill giants (D:12)
  2 deep elf magi
  2 ugly things
  A cyclops (D:11)
  Joseph (D:8)
  Maurice (D:7)
  2 centaur skeletons (D:13)
  An ice statue (D:10)
  4 yaktaurs (D:13)
  A freezing wraith (D:11)
  2 trolls
  2 two-headed ogres (D:12)
  Prince Ribbit (D:8)
  A wyvern (D:10)
  A hippogriff (D:11)
  A hungry ghost (D:8)
  A basilisk (D:11)
  A warg (D:12)
  2 mottled dragons
  The ghost of Ordine the Sneak, an amateur OpTm (D:5)
  A hell hound (D:8)
  A water moccasin (D:12)
  A black bear (D:7)
  An ice beast (D:10)
  3 orc warriors
  A wasp (D:6)
  3 ogres
  2 sky beasts
  A phantom (D:8)
  5 centaurs
  A crocodile (D:11)
  A big kobold (D:12)
  A wyvern zombie (D:12)
  9 giant frogs
  5 scorpions
  6 killer bees (D:7)
  4 howler monkeys
  6 crimson imps
  2 quasits
  2 wasp zombies
  2 centaur zombies
  2 jellies
  3 giant frog skeletons
  4 orc priests
  4 hounds
  9 orc wizards
  An iguana (D:6)
  7 worker ants
  A hound zombie (D:10)
  2 hound skeletons
  10 mummies (Ossuary)
  2 worker ant zombies
  5 gnolls
  12 adders
  2 shadow imps
  An adder skeleton (D:4)
  An adder zombie (D:8)
  3 worms
  8 dart slugs
  5 giant geckos
  34 orcs
  4 giant cockroaches
  6 goblins
  10 hobgoblins
  7 jackals
  6 kobolds
  4 quokkas
  A ball python (D:8)
  15 bats
  2 giant newts
  A jackal skeleton (D:5)
  4 kobold skeletons (Ossuary)
  2 orc skeletons (Ossuary)
  A quokka skeleton (D:7)
  A quokka zombie (D:7)
  7 rats
  7 rat skeletons (Ossuary)
292 creatures vanquished.

Vanquished Creatures (collateral kills)
  A centaur warrior (D:13)
  A hill giant (D:10)
  A deep elf mage (D:13)
  Psyche (D:10)
  A shadow (D:12)
  A hippogriff (D:12)
  A hell hound (D:8)
  A water moccasin (D:6)
  2 ice beasts
  A sky beast (D:8)
  An orc warrior (D:13)
  2 centaurs
  2 giant frogs (D:9)
  A scorpion (D:8)
  A howler monkey (D:5)
  2 crimson imps
  A centaur zombie (D:7)
  2 orc priests
  4 orc wizards
  A jelly (D:10)
  An iguana (D:12)
  2 worker ants (D:12)
  3 mummies (Ossuary)
  A worker ant zombie (D:5)
  3 dart slugs
  9 orcs
  A goblin (D:6)
  A jackal (D:6)
  A jackal zombie (D:5)
  3 kobolds (D:12)
  2 kobold skeletons (Ossuary)
  4 rat skeletons (Ossuary)
59 creatures vanquished.

Vanquished Creatures (others)
  9 hexers
  3 ancestors
12 creatures vanquished.

Grand Total: 363 creatures vanquished

Notes
Turn   | Place    | Note
--------------------------------------------------------------
     0 | D:1      | Aksej the Demonspawn Fighter began the quest for the Orb.
     0 | D:1      | Reached XP level 1. HP: 18/18 MP: 1/1
   312 | D:1      | Gained mutation: You are partially covered in large bone plates. (AC +2, SH +2) [demonic ancestry]
   312 | D:1      | Reached XP level 2. HP: 24/24 MP: 2/2
   615 | D:1      | Reached skill level 1 in Dodging
   821 | D:1      | Gained mutation: You are mostly covered in large bone plates. (AC +3, SH +3) [demonic ancestry]
   821 | D:1      | Reached XP level 3. HP: 29/29 MP: 3/3
   970 | D:2      | Found a shattered altar of Ashenzari.
  1165 | D:2      | Reached skill level 1 in Throwing
  1651 | D:2      | Gained mutation: You have a pair of small horns on your head. [demonic ancestry]
  1651 | D:2      | Reached XP level 4. HP: 35/35 MP: 3/5
  1749 | D:3      | Found a shimmering altar of Xom.
  1787 | D:3      | Reached skill level 1 in Spellcasting
  1903 | D:3      | Gained mutation: Your flesh is cold resistant. (rC+) [demonic ancestry]
  1903 | D:3      | Reached XP level 5. HP: 33/41 MP: 6/6
  2116 | D:3      | Found an oddly glowing altar of Pakellas.
  2413 | D:3      | Found a radiant altar of Vehumet.
  2590 | D:5      | Entered Level 5 of the Dungeon
  2620 | D:4      | Found Impey's Gadget Boutique.
  2639 | D:4      | Found a hide-covered altar of Uskayaw.
  2763 | D:4      | You fall through a shaft for 2 floors!
  2763 | D:6      | Noticed a wasp
  2768 | D:6      | Killed a wasp
  2768 | D:6      | Gained mutation: You are immune to freezing clouds. [demonic ancestry]
  2768 | D:6      | Reached XP level 6. HP: 45/48 MP: 8/8
  2781 | D:6      | Found an opulent altar of Gozag.
  2790 | D:6      | Reached skill level 4 in Fighting
  2790 | D:6      | Reached skill level 1 in Evocations
  2839 | D:6      | Found a staircase to the Ecumenical Temple.
  2840 | D:6      | Noticed Prince Ribbit
  2860 | Temple   | Entered the Ecumenical Temple
  2916 | Temple   | Became a worshipper of Hepliaklqana
  3102 | D:6      | Gained mutation: You are partially covered in sharp spines. [demonic ancestry]
  3102 | D:6      | Reached XP level 7. HP: 54/54 MP: 8/10
  3139 | D:6      | Found a sand-covered staircase.
  3148 | Ossuary  | Entered an ossuary
  3151 | Ossuary  | Gained mutation: Your muscles are strong. (Str +2) [potion of mutation]
  3151 | Ossuary  | Gained mutation: You have supernaturally acute eyesight. (SInv) [potion of mutation]
  3151 | Ossuary  | Gained mutation: Your natural rate of healing is unusually fast. [potion of mutation]
  3152 | Ossuary  | Gained mutation: Your spells are a little harder to cast, but a little more powerful. [potion of mutation]
  3152 | Ossuary  | Gained mutation: Potions and wands are less effective at restoring your health. [potion of mutation]
  3482 | D:4      | Found a radiant altar of Vehumet.
  3512 | D:5      | Noticed Ordine's ghost (amateur OpTm)
  3924 | D:5      | Killed Ordine's ghost
  4151 | D:5      | Found a stormy altar of Qazlal.
  4282 | D:5      | Found a bloodstained altar of Trog.
  4296 | D:5      | Found Iseufem's Assorted Antiques.
  4319 | D:5      | Bought an encrusted opal ring for 115 gold pieces
  4319 | D:5      | Bought a bronze ring for 115 gold pieces
  4319 | D:5      | Bought a scroll of identify for 46 gold pieces
  4383 | D:5      | Reached skill level 1 in Invocations
  4383 | D:5      | Gained mutation: A meltable icy envelope protects you from harm. (AC +10) [demonic ancestry]
  4383 | D:5      | Reached XP level 8. HP: 61/61 MP: 10/12
  4394 | D:5      | Got a heavy robe
  4395 | D:5      | Identified the cursed +1 robe of Discretion {Dex+6} (You found it on level 5 of the Dungeon)
  4469 | D:6      | Reached skill level 5 in Fighting
  4470 | D:6      | Reached * piety under Hepliaklqana
  4527 | D:6      | Found an iron altar of Okawaru.
  4652 | D:6      | Found a deep blue altar of Sif Muna.
  4706 | D:6      | Gained mutation: You possess an exceptional clarity of mind. [mutagenic meat]
  4707 | D:6      | Lost mutation: Potions and wands are less effective at restoring your health. [mutagenic meat]
  4708 | D:6      | Gained mutation: You have large cloven feet. [mutagenic meat]
  4710 | D:6      | Gained mutation: Your body sometimes deteriorates upon taking damage. [mutagenic meat]
  4836 | D:7      | Reached skill level 5 in Polearms
  4962 | D:8      | Noticed Maurice
  4978 | D:7      | Killed Maurice
  4978 | D:7      | Reached skill level 6 in Fighting
  4978 | D:7      | Reached skill level 5 in Armour
  4978 | D:7      | Reached XP level 9. HP: 69/69 MP: 13/13
  5522 | D:8      | Killed Prince Ribbit
  5583 | D:8      | Found an iron altar of Okawaru.
  5679 | D:8      | Noticed Joseph
  5716 | D:8      | Killed Joseph
  5728 | D:8      | Found a basalt altar of Yredelemnul.
  5820 | D:8      | Noticed Erolcha
  5830 | D:8      | Killed Erolcha
  5830 | D:8      | Gained mutation: You have a pair of horns on your head. [demonic ancestry]
  5830 | D:8      | Reached XP level 10. HP: 75/77 MP: 15/15
  5840 | D:8      | Reached ** piety under Hepliaklqana
  5840 | D:8      | Found a staircase to the Lair.
  5841 | D:8      | Remembered your ancestor Ælfric as a hexer
  5854 | D:8      | Reached skill level 7 in Fighting
  6080 | D:8      | Lost mutation: Your muscles are strong. (Str +2) [mutagenic meat]
  6081 | D:8      | Gained mutation: Your spells are harder to cast, but more powerful. [mutagenic meat]
  6082 | D:8      | Gained mutation: You are resistant to hostile enchantments. (MR+) [mutagenic meat]
  6083 | D:8      | Gained mutation: Your flesh is very cold resistant. (rC++) [mutagenic meat]
  6084 | D:8      | Gained mutation: Your mind is acute. (Int +2) [mutagenic meat]
  6103 | D:8      | Found a shadowy altar of Dithmenos.
  6400 | D:9      | Noticed an obsidian statue
  6447 | D:10     | Entered Level 10 of the Dungeon
  6664 | D:9      | Reached skill level 5 in Dodging
  6963 | D:9      | Noticed a smoke demon
  6974 | D:9      | Noticed a smoke demon
  6992 | D:9      | Killed an obsidian statue
  7243 | D:10     | Reached *** piety under Hepliaklqana
  7367 | D:10     | Noticed an unseen horror
  7371 | D:10     | Killed an unseen horror
  7424 | D:10     | Noticed Psyche
  7460 | D:10     | Killed Psyche
  7460 | D:10     | Reached skill level 5 in Invocations
  7491 | D:10     | Noticed an ice statue
  7522 | D:10     | Killed an ice statue
  7627 | D:10     | Noticed Nergalle
  7654 | D:10     | Noticed a spectral orc warlord
  7659 | D:10     | Killed Nergalle
  7738 | D:10     | Noticed a hill giant
  7750 | D:10     | Killed a hill giant
  7750 | D:10     | Reached XP level 11. HP: 45/86 MP: 17/17
  7777 | D:10     | Got a shimmering brass amulet
  8036 | D:11     | Noticed an ice dragon
  8098 | D:11     | Killed an ice dragon
  8109 | D:11     | Reached skill level 8 in Fighting
  8128 | D:11     | Reached skill level 5 in Evocations
  8243 | D:11     | Noticed a deep elf mage
  8254 | D:11     | Killed a deep elf mage
  8334 | D:11     | Reached skill level 5 in Throwing
  8345 | D:11     | Noticed a white ugly thing
  8366 | D:11     | Killed a white ugly thing
  8373 | D:11     | Lost mutation: Your spells are harder to cast, but more powerful. [mutagenic meat]
  8478 | D:11     | Noticed a yaktaur captain
  8508 | D:11     | Killed a yaktaur captain
  8862 | D:12     | Noticed a hill giant
  8885 | D:12     | Killed a hill giant
  8885 | D:12     | Reached skill level 5 in Spellcasting
  9057 | D:12     | Identified the amulet of Harmony {rElec rC+ MR+ Regen+ Str-4} (You took it off an orc on level 10 of the Dungeon)
  9061 | D:12     | Found a staircase to the Orcish Mines.
  9102 | D:12     | Noticed a cyan ugly thing
  9125 | D:12     | Killed a cyan ugly thing
  9129 | D:12     | Lost mutation: You are resistant to hostile enchantments. (MR+) [mutagenic meat]
  9131 | D:12     | Gained mutation: You tend to lose your temper in combat. [mutagenic meat]
  9132 | D:12     | Gained mutation: You expend magic power (3 MP) to strengthen your wands. [mutagenic meat]
  9172 | D:12     | Gained mutation: You have a pair of large horns on your head. [mutagenic meat]
  9173 | D:12     | Lost mutation: Your body sometimes deteriorates upon taking damage. [mutagenic meat]
  9174 | D:12     | Gained mutation: You are completely covered in large bone plates. (AC +4, SH +4) [mutagenic meat]
  9306 | D:12     | Reached **** piety under Hepliaklqana
  9344 | D:12     | Noticed dracos369's ghost (journeyman DrIE)
  9580 | D:12     | Noticed a hill giant
  9594 | D:12     | Killed a hill giant
  9615 | D:13     | Noticed a centaur warrior
  9626 | D:13     | Killed a centaur warrior
  9635 | D:13     | Noticed a centaur warrior
  9661 | D:13     | Killed a centaur warrior
  9672 | D:13     | Mutation became permanent: You are completely covered in large bone plates. (AC +4, SH +4) [demonic ancestry]
  9672 | D:13     | Reached XP level 12. HP: 43/94 MP: 20/20
  9745 | D:13     | Reached skill level 9 in Fighting
 10312 | D:12     | Killed from afar by dracos369's ghost

Vault maps used:
D:1:      sevenhm_arrival_forest_fort_small_4
D:2:      evilmike_ruin_ashenzari
D:3:      lemuel_coloured_pillars_altar, lemuel_doored_altar, xom_butterflies
D:4:      lemuel_upstairs_altar, old_standard_altar, first_bread, serial_shops,
          shop
D:5:      kennysheep_slugbush, nicolae_qazlal_eye_of_the_storm, serial_shops,
          nicolae_shop_temple_entry_statues_fountains, trog_book
D:6:      led_sif_pool, kennysheep_mini_moat, minmay_temple_entry_nine_rooms,
          nicolae_ossuary_entry_monument, okawaru_altar_gauntlet_db,
          uniq_prince_ribbit1
D:8:      kennysheep_little_box, old_standard_altar,
          nicolae_overflow_crystal_walls, minmay_lair_entry_lava,
          grunt_ogre_cave, uniq_maurice, uniq_erolcha, uniq_joseph
D:9:      corexii_leaking_fountain, minivault_16, st_stairs_4,
          serial_bayou_crossing
D:10:     lemuel_ice_statue, kennysheep_kite_vault, uniq_nergalle, uniq_psyche
D:11:     minmay_cut_squares
D:12:     david_orc_3, st_stairs_7, wad_floor_pattern_untrapped
D:13:     hangedman_vaults_entry_quadrant_bands
D:14:     kennysheep_demon_hangout, hangedman_abyss_or_decor_lesser_grid,
          uniq_snorg
Temple:   triangle_lava_temple_11
Ossuary:  ossuary_due_small_catacomb

Skill      XL: |  1  2  3  4  5  6  7  8  9 10 11 12 |
---------------+-------------------------------------+-----
Polearms       | 2 3 4 5 6 7 8 |  8.3
Dodging        | 1 2 3 4 5 6 |  6.3
Throwing       | 1 2 3 4 5 |  5.9
Armour         | 3 4 5 6 8 |  8.6
Spellcasting   | 1 2 3 4 5 |  5.8
Fighting       | 4 6 7 8 9 |  9.2
Evocations     | 1 2 3 4 5 |  5.9
Invocations    | 1 2 3 5 6 |  6.9
Shields        | |  2.6

Action                   |  1- 3 |  4- 6 |  7- 9 | 10-12 || total
-------------------------+-------+-------+-------+-------++-------
Melee: Trident           |   151 |   199 |   313 |   844 ||  1507
       Headbutt          |       |    36 |    60 |   156 ||   252
       Kick              |       |       |    38 |   258 ||   296
Throw: Tomahawk          |       |     4 |     3 |     4 ||    11
Invok: Recall Ancestor   |       |       |     2 |     2 ||     4
       Ancestor Life: He |       |       |       |     1 ||     1
       Idealise          |       |       |       |     1 ||     1
Evoke: Wand              |       |       |     1 |     4 ||     5
  Use: Scroll            |     4 |     6 |    16 |     9 ||    35
       Potion            |     1 |     3 |    10 |    11 ||    25
 Stab: Distracted        |       |       |     6 |     6 ||    12
       Confused          |       |       |       |    15 ||    15
  Eat: Chunk             |     3 |     5 |    13 |    33 ||    54
       Beef jerky        |       |       |     1 |       ||     1
       Fruit             |       |       |       |     2 ||     2
Armor: Scale mail        |    67 |       |       |       ||    67
       Chain mail        |     3 |   114 |    88 |       ||   205
       Plate armour      |       |       |    26 |   512 ||   538
Dodge: Dodged            |    68 |    61 |    78 |   197 ||   404
Block: Other             |    17 |    17 |    23 |   202 ||   259
       Reflection        |       |       |       |     4 ||     4
